Map: Jagannatha LE

Players

Serral - Winner!

  • Race: Zerg Zerg

Lilbow

  • Race: Protoss Protoss

Event: DreamHack SC2 Masters 2021 Winter

VOD

Have the link to the VOD?

Description

Time

  • Played on: Sept. 30, 2021, 12:05 p.m.
  • Length: 7:24

All games in this series

Show
View Real Time Build Order
Export as new Build Order

Serral Zerg - Winner!

Build Orders: Pool First 

Get SALT Encoding   

  12  0:17  Spawning Pool  
  11  0:21  Drone  
  11  0:26  Drone  
  13  0:31  Drone  
  14  0:40  Overlord  
  14  1:04  Zergling x4  
  16  1:05  Zergling x2, Queen  
  19  1:15  Zergling x2  
  20  1:28  Zergling x2  
  21  1:44  Hatchery  
  21  1:46  Overlord  
  20  1:49  Drone  
  21  1:58  Drone  
  22  2:04  Queen  
  24  2:09  Drone  
  25  2:17  Drone  
  25  2:18  Drone x2  
  28  2:30  Overlord  
  28  2:32  Extractor, Drone  
  28  2:41  Queen  
  30  2:50  Drone x3  
  33  2:53  Drone  
  33  2:57  Drone  
  35  3:00  Drone  
  36  3:09  Overlord  
  36  3:10  Drone  
  37  3:17  Drone  
  37  3:18  Drone x2  
  40  3:33  Hatchery  
  39  3:36  Metabolic Boost  
  39  3:41  Drone  
  39  3:42  Drone  
  39  3:46  Drone x2  
  43  3:49  Drone x2  
  43  3:51  Drone  
  46  3:57  Queen  
  46  4:02  Queen  
  48  4:06  Overlord  
  48  4:08  Drone  
  51  4:10  Drone  
  51  4:14  Overlord  
  52  4:24  Roach Warren  
  52  4:25  Zergling x6  
  52  4:30  Overlord  
  52  4:31  Drone x2  
  56  4:33  Spore Crawler  
  56  4:36  Drone x2  
  57  4:49  Overlord  
  57  4:50  Drone x5  
  57  4:52  Drone x2  
  63  4:56  Drone x2  
  65  5:00  Queen  
  65  5:02  Overlord  
  67  5:08  Queen  
  67  5:10  Extractor  
  67  5:11  Extractor  
  67  5:12  Extractor  
  67  5:13  Drone x3  
  69  5:17  Overlord  
  69  5:19  Drone x2  
  69  5:20  Drone  
  72  5:26  Spore Crawler x2  
  72  5:27  Drone x2  
  72  5:30  Drone x3  
  72  5:35  Overlord  
  75  5:38  Overlord  
  75  5:40  Queen  
  77  5:49  Overlord  
  77  5:52  Roach x4  
  85  5:59  Roach x4  
  93  6:05  Roach x2  
  93  6:06  Overlord  
  93  6:08  Zergling x2  
  93  6:09  Zergling x4  
  100  6:14  Zergling x8  
  100  6:17  Overlord  
  104  6:22  Ravager x6  
  104  6:23  Zergling x6  
  113  6:26  Ravager  
  113  6:30  Zergling x2  
  114  6:34  Ravager  
  114  6:37  Zergling x12  
  114  6:39  Ravager  
  122  6:40  Queen  
  122  6:41  Queen  
  122  6:46  Ravager, Queen  
  125  6:58  Zergling x14  
Show
View Real Time Build Order
Export as new Build Order

Lilbow Protoss 

Build Orders:  

Get SALT Encoding   

  12  0:00  Probe  
  13  0:14  Pylon  
  13  0:17  Probe (Chrono Boost)  
  14  0:27  Probe (Chrono Boost)  
  15  0:32  Probe (Chrono Boost)  
  16  0:42  Gateway  
  16  0:43  Probe  
  16  0:49  Assimilator  
  17  0:56  Probe  
  18  1:08  Probe  
  19  1:14  Gateway  
  19  1:24  Pylon  
  19  1:28  Zealot (Chrono Boost)  
  19  1:29  Cybernetics Core  
  21  1:38  Pylon  
  20  1:47  Zealot  
  20  1:50  Pylon  
  22  2:08  Adept  
  26  2:20  Cybernetics Core  
  26  2:26  Probe  
  25  2:37  Nexus  
  25  2:40  Probe  
  26  2:46  Assimilator  
  26  2:52  Probe  
  26  2:56  Warp Gate  
  27  3:04  Probe (Chrono Boost)  
  30  3:08  Pylon  
  30  3:16  Probe (Chrono Boost)  
  31  3:21  Probe (Chrono Boost)  
  31  3:25  Stargate  
  30  3:30  Probe (Chrono Boost)  
  31  3:39  Adept x2  
  31  3:40  Probe (Chrono Boost)  
  37  3:48  Probe (Chrono Boost)  
  37  3:49  Probe (Chrono Boost)  
  38  3:58  Probe (Chrono Boost)  
  38  4:00  Probe (Chrono Boost)  
  38  4:02  Void Ray  
  40  4:03  Probe (Chrono Boost)  
  40  4:09  Probe (Chrono Boost)  
  46  4:15  Probe (Chrono Boost)  
  48  4:27  Probe x2 (Chrono Boost)  
  48  4:30  Nexus  
  49  4:32  Probe (Chrono Boost)  
  49  4:34  Probe  
  49  4:38  Pylon  
  51  4:41  Probe  
  52  4:51  Assimilator, Probe (Chrono Boost)  
  53  4:53  Probe (Chrono Boost)  
  53  4:56  Oracle  
  57  5:00  Assimilator  
  57  5:01  Stargate  
  57  5:05  Probe (Chrono Boost)  
  57  5:06  Probe (Chrono Boost)  
  59  5:08  Pylon  
  59  5:10  Probe (Chrono Boost)  
  59  5:13  Probe  
  61  5:17  Shield Battery  
  61  5:21  Probe  
  61  5:26  Probe  
  63  5:33  Void Ray  
  64  5:35  Probe (Chrono Boost)  
  64  5:39  Void Ray, Probe (Chrono Boost)  
  64  5:42  Probe (Chrono Boost)  
  76  5:50  Probe (Chrono Boost)  
  76  5:51  Shield Battery, Probe x2 (Chrono Boost)  
  76  5:54  Probe (Chrono Boost)  
  76  5:56  Probe (Chrono Boost)  
  78  5:58  Probe  
  78  6:00  Forge  
  80  6:05  Probe  
  80  6:08  Pylon, Probe  
  80  6:10  Probe  
  83  6:11  Pylon  
  83  6:17  Shield Battery, Void Ray x2 (Chrono Boost), Probe  
  84  6:19  Shield Battery  
  84  6:21  Pylon  
  84  6:24  Probe  
  93  6:34  Photon Cannon  
  93  6:35  Photon Cannon  
  93  6:36  Sentry x2  
  97  6:40  Photon Cannon  
  97  6:42  Photon Cannon  
  97  6:47  Shield Battery  
  95  7:02  Shield Battery  
  95  7:04  Shield Battery, Stalker  
  95  7:06  Shield Battery  
  86  7:15  Pylon  
  84  7:16  Shield Battery  
  84  7:18  Pylon, Shield Battery  

Tags
 
Add a new tag
Caveats
  • Supply blocks, unpowered buildings, or Contaminate may cause inaccurate times.
  • Supply counts are checked every 10 seconds.